cohdb
Replays
Latest Replays
All Replays
Popular Replays
Top Player Replays
Match Explorer
How It Works
Community
CoH3 Stats
Reddit
Sign in to upload your games and track your stats! →
Sign in with Steam
Match 42459974
Unlisted
Match 42459974
Overview
Messages
Build Orders
End
Kradschützen Motorcycle Team
Selects Italian Infantry
250 Light Carrier
Panzergrenadier Squad
Construct Light Support Kompanie
250 Light Carrier
Construct Mechanized Kompanie
Selects Guastatori Squad
Guastatori Squad
Veteran Squad Leaders
Panzerjäger Mechanized Group
Guastatori Squad
2.5-tonne Medical Truck
Selects Sound the Alarm
Selects Registered Artillery
Registered Artillery
Construct Panzerarmee Kommand
250 Light Carrier
Registered Artillery
Selects Territory Booby Traps
Guastatori Squad
Sound the Alarm
Registered Artillery
Selects Obice 305mm Barrage
Panzerjäger Mechanized Group
Registered Artillery
Armored Reserves
Rapid Advance
Registered Artillery
Obice 305mm Barrage
dl5277
Koopa
Villain
simranjitsingh713
Boom
张学良
吊锤石乐志
h4sjohnson
0
0
Comments
sign in to comment!
No comments posted yet!